 Dungeon Crawl Stone Soup version 0.31.0-11-ge490571c62 (webtiles) character file.

Game seed: 13149797042035958962

61 ProzacElf the Ducker (level 4, -6/33 HPs)
             Began as a Djinni Gladiator on Jan 29, 2024.
             Killed from afar by Natasha (10 damage)
             ... with a magic dart
             ... on level 2 of the Dungeon.
             The game lasted 00:01:57 (822 turns).

ProzacElf the Ducker (Djinni Gladiator)              Turns: 822, Time: 00:01:57

Health: -6/33      AC:  4    Str: 13    XL:     4   Next: 27%
Gold:   45         EV: 13    Int:  9    God:
                   SH:  0    Dex: 17

rFire   + + .        a - +0 long sword
rCold   x . .        (no shield)
rNeg    . . .        b - +0 leather armour
rPois   ∞            c - +0 helmet
rElec   .            (no cloak)
rCorr   .            (no gloves)
SInv    .            (boots unavailable)
Will    .....        (no amulet)
Stlth   +            (no ring)
HPRegen 0.25/turn    (no ring)
MPRegen 0.00/turn

%: infuse magic (-7 HP)
@: flying
A: sickness immunity, fire resistance 2, cold vulnerability 1, float, innate
caster, HP casting, extra vitality 1
a: no special abilities


You were on level 2 of the Dungeon.
You visited 1 branch of the dungeon, and saw 2 of its levels.

You collected 45 gold pieces.

Inventory:

Hand Weapons
 a - a +0 long sword (weapon)
Missiles
 d - 3 throwing nets (quivered)
 e - a javelin
 h - 3 curare-tipped darts
 k - 2 atropa-tipped darts
Armour
 b - a +0 leather armour (worn)
 c - a +0 helmet (worn)
Scrolls
 f - 2 scrolls of poison {unknown}
 g - 2 scrolls of identify {unknown}
 j - a scroll of butterflies {unknown}
 n - a scroll of enchant armour {unknown}
 o - a scroll of teleportation {unknown}
Potions
 i - a potion of mutation {unknown}
 l - a potion of curing {unknown}
 m - 2 potions of brilliance {unknown}


   Skills:
 - Level 2.0 Fighting
 + Level 3.6 Long Blades
 - Level 1.5 Throwing
 + Level 4.4 Dodging


You knew the following spells:

 Your Spells              Type           Power      Damage    Failure   Level
a - Slow                  Hex            0%         N/A       45%         1
Your spell library was empty.

Dungeon Overview and Level Annotations

Branches:
Dungeon (2/15)

Altars:

Shops:
D:1 [

Annotations:
D:2 Natasha


Innate Abilities, Weirdness & Mutations

You are immune to sickness and miasma.
You are immune to poison.
Your flesh is very heat resistant. (rF++)
You are vulnerable to cold. (rC-)
You float through the air rather than walking.
You learn spells naturally, not from books.
Your magical power is your life essence.
You have superior vitality. (+4 MHP)


Message History

Natasha closely misses ye.
Ye take 2 damage, an' haf 21/33 hp.
Ye hit Natasha.
Natasha be moderately wounded.
Tha cerulean imp hits ye wit' a +1 spear.
Natasha barely misses ye.
Ye take 2 damage, an' haf 19/33 hp.
Ye hit Natasha but do nay damage.
Natasha be moderately wounded.
Tha cerulean imp hits ye wit' a +1 spear.
Natasha barely misses ye.
Ye take 3 damage, an' haf 16/33 hp.
Ye barely miss Natasha.
Natasha be moderately wounded.
Tha cerulean imp misses ye.
Natasha closely misses ye.
Tha cerulean imp hits ye wit' a +1 spear.
Ye take 3 damage, an' haf 13/33 hp.
Ye slash Natasha!
Natasha be almost dead.
Natasha claws ye.
* * * LOW HITPOINT WARNIN'
* * * Tha cerulean imp misses ye.
Ye take 5 damage, an' haf 8/33 hp.
Ye hit Natasha but do nay damage.
Natasha be almost dead.
Natasha claws ye.
* * * LOW HITPOINT WARNIN'
* * * Tha cerulean imp closely misses ye.
Natasha closely misses ye.
Ye take 4 damage, an' haf 4/33 hp.
Ye hit Natasha but do nay damage.
Natasha be almost dead.
Tha cerulean imp hits ye but does nay damage.
Natasha barely misses ye.
Ye barely miss Natasha.
Natasha be almost dead.
Tha cerulean imp hits ye but does nay damage.
Natasha casts a spell at ye.
Tha magic dart hits ye!
Ye die...
Natasha begins lickin' her fur clean.

... #.......#... #.#
#.......#### #.#
#.......# #####.#
#.......#
#...#.###.......#
#...#...........#
#...#..##.......#
#####...#..##########
......h@..>.......
.####?5.#.########
#...#.# ###....
#....# #....# ###.##
.#


You could see Natasha and a cerulean imp (summoned).

Vanquished Creatures
  Natasha (D:2)
  A gnoll (D:1)
  A dart slug (D:1)
  3 ball pythons
  2 endoplasms (D:1)
  3 goblins
  3 quokkas (D:1)
  A bat (D:1)
  2 frilled lizards (D:1)
  A kobold (D:1)
  8 rats
26 creatures vanquished.

Notes
Turn   | Place    | Note
-------+----------+-------------------------------------------
     0 | D:1      | ProzacElf the Djinni Gladiator began the quest for the Orb.
     0 | D:1      | Reached XP level 1. HP: 18/18 MP: 0/0
    83 | D:1      | Reached XP level 2. HP: 12/23 MP: 0/0
   428 | D:1      | Found Tieneac's Antique Armour Shop.
   445 | D:1      | Reached skill level 4 in Dodging
   445 | D:1      | Reached XP level 3. HP: 17/28 MP: 0/0
   445 | D:1      | Learned a level 1 spell: Slow
   785 | D:2      | Noticed Natasha
   789 | D:2      | Killed Natasha
   790 | D:2      | Reached XP level 4. HP: 26/33 MP: 0/0
   809 | D:2      | Noticed Natasha
   822 | D:2      | Killed from afar by Natasha

Illustrated notes

Levels and vault maps discovered:
D:1:      dpeg_arrival_ratfight, layout_basic, serial_shops, shop
D:2:      layout_basic, serial_bayou_pond_a, uniq_natasha, uniq_terence

Skill      XL: |  1  2 |
---------------+-------+-----
Long Blades    | 3 |  3.6
Dodging        | 4 |  4.4
Fighting       | |  2.0
Throwing       | |  1.5

Action                     |  1- 3 |  4- 6 || total
---------------------------+-------+-------++-------
  Melee: Long sword        |    88 |    10 ||    98
   Stab: Sleeping          |     1 |       ||     1
 Armour: Leather armour    |    57 |    12 ||    69
  Dodge: Dodged            |    71 |    10 ||    81

Action                     |  1- 3 |  4- 6 || total
---------------------------+-------+-------++-------
  Melee: Long sword        |    88 |    10 ||    98
   Stab: Sleeping          |     1 |       ||     1
 Armour: Leather armour    |    57 |    12 ||    69
  Dodge: Dodged            |    71 |    10 ||    81

Levels and vault maps discovered:
D:1:      dpeg_arrival_ratfight, layout_basic, serial_shops, shop
D:2:      layout_basic, serial_bayou_pond_a, uniq_natasha, uniq_terence
